[Event "Seniors-LEM-65 Sachsen-Anhalt 2024"]
[Site "Magdeburg"]
[Date "2024.07.03"]
[Round "3.1"]
[White "Jacob, Helmut"]
[Black "Schnelzer, Reinhold"]
[Result "1/2-1/2"]
[ECO "B15"]
[WhiteElo "2047"]
[BlackElo "2162"]
[Annotator "RC"]
[PlyCount "78"]
[EventDate "2024.06.25"]
[EventType "swiss"]
[EventCountry "GER"]
[SourceTitle "playchess.com"]
[Source "ChessBase"]
[SourceQuality "1"]
[TimeControl "40/5400+30:1800+30"]

1. e4 c6 2. d4 d5 3. Nc3 dxe4 4. Nxe4 Nf6 5. Nxf6+ exf6 6. c3 Bd6 7. Bd3 O-O 8. Ne2 Re8 9. Qc2 h5 10. Bd2 Be6 11. O-O h4 12. Bf4 Qc7 13. Bxd6 Qxd6 14. Rfe1 Nd7 15. Qd2 h3 16. Qf4 Qxf4 17. Nxf4 hxg2 18. Re3 Nf8 19. Rae1 Bd7 20. Kxg2 g6 21. Rxe8 Rxe8 22. Rxe8 Bxe8 23. Kf3 Nd7 24. Ke3 f5 25. Ng2 Nb6 26. Kd2 f6 27. c4 Bf7 28. b3 Be6 29. Ke3 Kf7 30. Be2 Ke7 31. Nf4 Bf7 32. Nd3 Nd7 33. f4 Nf8 34. Bf3 Kd6 35. Be2 a5 36. Nc5 b6 37. Na4 Kc7 38. h4 Ne6 39. Nc3 Nf8 1/2-1/2

[Event "Seniors-LEM-65 Sachsen-Anhalt 2024"]
[Site "Magdeburg"]
[Date "2024.07.03"]
[Round "3.2"]
[White "Okrajek, Alexander"]
[Black "Lapp, Karl"]
[Result "1/2-1/2"]
[ECO "A07"]
[WhiteElo "2163"]
[BlackElo "2001"]
[Annotator "RC"]
[PlyCount "34"]
[EventDate "2024.06.25"]
[EventType "swiss"]
[EventCountry "GER"]
[SourceTitle "playchess.com"]
[Source "ChessBase"]
[SourceQuality "1"]
[TimeControl "40/5400+30:1800+30"]

1. Nf3 d5 2. g3 Nf6 3. Bg2 c6 4. O-O Bf5 5. b3 Nbd7 6. Bb2 h6 7. d3 Qc7 8. c4 e6 9. Nc3 Be7 10. e4 dxe4 11. dxe4 Bh7 12. Qe2 Nc5 13. Rfd1 Ncxe4 14. Nxe4 Bxe4 15. Be5 Qa5 16. a3 Rd8 17. Rxd8+ Qxd8 1/2-1/2

[Event "Seniors-LEM-65 Sachsen-Anhalt 2024"]
[Site "Magdeburg"]
[Date "2024.07.03"]
[Round "3.4"]
[White "Babrikowski, Peter"]
[Black "Lorenz, Dietmar"]
[Result "1/2-1/2"]
[ECO "D26"]
[WhiteElo "2129"]
[BlackElo "1981"]
[Annotator "NA RC"]
[PlyCount "71"]
[EventDate "2024.06.25"]
[EventType "swiss"]
[EventCountry "GER"]
[SourceTitle "playchess.com"]
[Source "ChessBase"]
[SourceQuality "1"]
[TimeControl "40/5400+30:1800+30"]

1. Nf3 d5 2. d4 Nf6 3. c4 c6 4. Nc3 e6 5. Bg5 Be7 6. e3 O-O 7. Bd3 Nbd7 8. O-O dxc4 9. Bxc4 c5 10. Qe2 cxd4 11. exd4 Nb6 12. Bb3 Re8 {[%emt 0:00:35] D26: Queen's Gambit Accepted: 4 e3 e6 5 Bxc5 c5 sidelines.} 13. Rac1 Bd7 14. Ne5 Nfd5 15. Bxe7 Rxe7 16. Qe4 Bc6 17. Nxc6 bxc6 18. Rfd1 Rc8 19. Bc2 Nf6 20. Qh4 Rd7 21. Ne4 Nbd5 22. Nc5 Rdc7 23. a3 h6 24. b4 Ne8 25. Qe4 Ndf6 26. Qe3 Nd6 27. Bb3 Nd5 28. Qg3 Nf5 29. Qf3 Qh4 30. g3 Qg5 31. Ne4 Qe7 32. Ba4 Nb6 33. Nc5 Nxa4 34. Nxa4 Rd8 35. Qe4 $15 Qd7 36. Nc5 1/2-1/2

[Event "Seniors-LEM-65 Sachsen-Anhalt 2024"]
[Site "Magdeburg"]
[Date "2024.07.03"]
[Round "3.5"]
[White "Christen, Pierre"]
[Black "Broemel, Richard"]
[Result "1/2-1/2"]
[ECO "A12"]
[WhiteElo "1946"]
[BlackElo "2123"]
[Annotator "RC"]
[PlyCount "40"]
[EventDate "2024.06.25"]
[EventType "swiss"]
[EventCountry "GER"]
[SourceTitle "playchess.com"]
[Source "ChessBase"]
[SourceQuality "1"]
[TimeControl "40/5400+30:1800+30"]

1. c4 c6 2. g3 Nf6 3. Bg2 d5 4. b3 Bf5 5. Nf3 e6 6. O-O Nbd7 7. d3 Bc5 8. Ba3 a5 9. Bxc5 Nxc5 10. Nh4 Bg6 11. Nd2 O-O 12. Rc1 d4 13. Nxg6 hxg6 14. Nf3 Re8 15. a3 a4 16. b4 Nb3 17. Rb1 Rc8 18. Nd2 Nxd2 19. Qxd2 Qd7 20. Rfc1 e5 1/2-1/2

[Event "Seniors-LEM-65 Sachsen-Anhalt 2024"]
[Site "Magdeburg"]
[Date "2024.07.03"]
[Round "3.6"]
[White "Richter, Rainer"]
[Black "Schober, Ralf"]
[Result "1/2-1/2"]
[ECO "D03"]
[WhiteElo "1981"]
[BlackElo "2090"]
[Annotator "NA RC"]
[PlyCount "23"]
[EventDate "2024.06.25"]
[EventType "swiss"]
[EventCountry "GER"]
[SourceTitle "playchess.com"]
[Source "ChessBase"]
[SourceQuality "1"]
[TimeControl "40/5400+30:1800+30"]

1. d4 Nf6 2. Nf3 g6 3. Bg5 Bg7 4. Nbd2 d5 5. c3 c5 6. e3 cxd4 7. exd4 Nc6 8. Be2 Qc7 9. O-O O-O 10. Bh4 Bg4 11. Bg3 Qd7 12. Ne5 1/2-1/2

[Event "Seniors-LEM-65 Sachsen-Anhalt 2024"]
[Site "Magdeburg"]
[Date "2024.07.03"]
[Round "3.7"]
[White "Kolthoff, Siegmund"]
[Black "Costello, Colin A"]
[Result "1-0"]
[ECO "E14"]
[WhiteElo "2090"]
[BlackElo "1911"]
[Annotator "NA RC"]
[PlyCount "31"]
[EventDate "2024.06.25"]
[EventType "swiss"]
[EventCountry "GER"]
[SourceTitle "playchess.com"]
[Source "ChessBase"]
[SourceQuality "1"]
[TimeControl "40/5400+30:1800+30"]

1. d4 Nf6 2. c4 e6 3. Nf3 Bb4+ 4. Nbd2 d5 5. e3 O-O 6. Bd3 Nbd7 7. O-O c5 8. a3 Bxd2 9. Qxd2 b6 10. b3 Bb7 11. Bb2 dxc4 12. bxc4 Bxf3 13. gxf3 Nh5 14. Rad1 Qh4 15. Kh1 cxd4 16. Bxd4 1-0

[Event "Seniors-LEM-65 Sachsen-Anhalt 2024"]
[Site "Magdeburg"]
[Date "2024.07.03"]
[Round "3.8"]
[White "Bregler, Herbert"]
[Black "Matthey, Harald"]
[Result "1-0"]
[ECO "B13"]
[WhiteElo "1952"]
[BlackElo "2064"]
[Annotator "NA RC"]
[PlyCount "69"]
[EventDate "2024.06.25"]
[EventType "swiss"]
[EventCountry "GER"]
[SourceTitle "playchess.com"]
[Source "ChessBase"]
[SourceQuality "1"]
[TimeControl "40/5400+30:1800+30"]

1. d4 a6 2. e4 c6 3. c4 d5 4. exd5 cxd5 5. Nc3 Nf6 6. Nf3 Nc6 7. cxd5 Nxd5 8. Bc4 {[%emt 0:00:08] B13: Caro-Kann: Exchange Variation and Panov-Botvinnik Attack.} e6 9. O-O Be7 10. a4 O-O 11. Re1 Ncb4 12. Qb3 Nb6 13. Bf1 Bd7 (13... a5 $11) 14. a5 N6d5 15. Nxd5 Nxd5 16. Qxb7 Nb4 17. Ne5 Be8 {[%emt 0:01:18] [#]} 18. Qe4 $1 f5 19. Qb1 Qxd4 20. Nd3 Nc6 21. Rxe6 Bd7 22. Re1 f4 23. Bd2 f3 24. Bc3 Qg4 25. Qa2+ $18 Kh8 26. g3 Bd6 27. Qa4 Qf5 28. Qe4 Qf7 29. Rad1 Rae8 30. Qh4 Bf5 31. Rxe8 Rxe8 32. Qa4 Nb8 33. Qd4 Bc7 34. Nf4 Rd8 35. Qxd8+ 1-0

[Event "Seniors-LEM-65 Sachsen-Anhalt 2024"]
[Site "Magdeburg"]
[Date "2024.07.03"]
[Round "3.9"]
[White "Koehler, Gerhard"]
[Black "Renner, Bernd"]
[Result "1/2-1/2"]
[ECO "A22"]
[WhiteElo "2204"]
[BlackElo "1997"]
[Annotator "TA"]
[PlyCount "80"]
[EventDate "2024.06.25"]
[EventType "swiss"]
[EventCountry "GER"]
[SourceTitle "playchess.com"]
[Source "ChessBase"]
[SourceQuality "1"]
[TimeControl "40/5400+30:1800+30"]

1. c4 Nf6 2. Nc3 e5 3. g3 Bb4 4. Nd5 Nxd5 5. cxd5 O-O 6. Bg2 Re8 7. Nf3 Bf8 8. O-O c6 {[%emt 0:01:57] The position is equal.} 9. dxc6 (9. d4 $11 {is more appropriate.}) 9... dxc6 10. d3 Nd7 11. Nd2 Nf6 12. b3 Bf5 13. Bb2 Qc7 14. Rc1 Rad8 15. Qc2 Bc8 16. Nc4 Nd5 17. a3 f6 18. Rfd1 Kh8 19. e4 Nb6 20. Na5 Na4 {[%emt 0:05:10] Strongly threatening ...Nxb2.} 21. b4 (21. Nxc6 $11 Qxc6 22. Qxc6 (22. bxa4 Qxc2 23. Rxc2 b6 $11) 22... bxc6 23. bxa4) 21... Nxb2 $15 22. Qxb2 Bg4 23. f3 Be6 24. Qf2 (24. Kh1 $15) 24... Rd4 25. Bf1 {[%emt 0:00:00] [#]} (25. Qd2 $17 {was worth a try.}) 25... Red8 (25... c5 $1 $19 {and Black stays clearly on top. ...b6 would now be deadly.} 26. Qe1 b6) 26. Qc2 {[%emt 0:00:00] [#]} ({White should try} 26. Qe1) 26... Qb6 $1 $17 27. Kg2 {[%emt 0:00:00] [#]} c5 $1 28. Nc4 Bxc4 29. bxc5 (29. dxc4 $17 cxb4 30. c5 Bxc5 31. Rxd4 Bxd4 32. Rb1) 29... Bxc5 $2 (29... Qa5 $19 30. Qc3 Qxc3 (30... Qxc5 $2 31. Be2 $19) 31. Rxc3 Bb5) 30. dxc4 {[%emt 0:00:00] White is weak on the dark squares} Bxa3 31. Rb1 Rxd1 32. Rxd1 Rd4 (32... Bc5 $17 33. Rd5 Rxd5 34. exd5 g6) 33. Qa4 $11 {[%emt 0:07:00] White threatens Qe8+ and mate.} Bf8 34. Qe8 $1 Qc5 ({And not} 34... Rxd1 35. Qxf8#) 35. Rxd4 exd4 {[%emt 0:18:39] KQB-KQB} 36. Bd3 Qe7 37. Qa8 b6 38. Qd5 Qc5 39. Qf7 (39. h4 $11) 39... Qe7 40. Qd5 Qc5 {[%emt 0:00:00] Black had all chances to win.   Weighted Error Value: White=0.31/Black=0.36.  Loses game:     	White=1     	---        Missed win:     	---       	Black=1      Mistake:       	White=6     	Black=2      Inaccurate:     	White=1     	Black=6      OK:         	White=10    	Black=10     Best:        	White=1     	Black=1      Strong:       	White=1     	Black=1} 1/2-1/2

[Event "Seniors-LEM-65 Sachsen-Anhalt 2024"]
[Site "Magdeburg"]
[Date "2024.07.03"]
[Round "3.10"]
[White "Erler, Rainer"]
[Black "Gehrmann, Rudolf-Rainer"]
[Result "1-0"]
[ECO "B25"]
[WhiteElo "2121"]
[BlackElo "1980"]
[Annotator "RC"]
[PlyCount "67"]
[EventDate "2024.06.25"]
[EventType "swiss"]
[EventCountry "GER"]
[SourceTitle "playchess.com"]
[Source "ChessBase"]
[SourceQuality "1"]
[TimeControl "40/5400+30:1800+30"]

1. e4 c5 2. Nc3 g6 3. g3 Bg7 4. Bg2 Nc6 5. d3 d6 6. Nh3 Nf6 7. O-O O-O 8. f4 Bg4 9. Qd2 Nd4 10. Nf2 Rb8 11. Nxg4 Nxg4 12. h3 Nf6 13. Nd1 Qd7 14. c3 Nc6 15. Ne3 e6 16. g4 b5 17. Qf2 b4 18. Bd2 Ne8 19. Rab1 Nc7 20. f5 f6 21. Nc2 a5 22. d4 cxd4 23. cxd4 d5 24. fxe6 Qxe6 25. Bf4 Qd7 26. exd5 Na7 27. Ne3 Rb5 28. Rbc1 Rc8 29. Qg3 Ne8 30. h4 Rxc1 31. Rxc1 Nc8 32. d6 Rb6 33. Nd5 Ra6 34. Rxc8 1-0

[Event "Seniors-LEM-65 Sachsen-Anhalt 2024"]
[Site "Magdeburg"]
[Date "2024.07.03"]
[Round "3.11"]
[White "Leibovitch, Iziaslav"]
[Black "Schwis, Joachim"]
[Result "1-0"]
[ECO "A05"]
[WhiteElo "2105"]
[BlackElo "1950"]
[Annotator "RC"]
[PlyCount "87"]
[EventDate "2024.06.25"]
[EventType "swiss"]
[EventCountry "GER"]
[SourceTitle "playchess.com"]
[Source "ChessBase"]
[SourceQuality "1"]
[TimeControl "40/5400+30:1800+30"]

1. Nf3 d6 2. g3 g6 3. Bg2 Bg7 4. O-O Nf6 5. d3 O-O 6. e4 e5 7. Nc3 Nc6 8. h3 Ne8 9. Nd5 Ne7 10. Nxe7+ Qxe7 11. c3 c6 12. d4 Nc7 13. Bg5 f6 14. dxe5 dxe5 15. Be3 Be6 16. Qc2 Rfd8 17. Rfd1 Bf8 18. Rxd8 Rxd8 19. Bxa7 Ra8 20. Bb6 Nb5 21. c4 Nd6 22. b3 Nc8 23. Be3 c5 24. Ne1 Na7 25. Nd3 b6 26. f4 Nc6 27. a4 Rd8 28. Rd1 Nd4 29. Bxd4 exd4 30. Qe2 Qd7 31. Kh2 Re8 32. Qf3 Qc7 33. Re1 Bg7 34. e5 f5 35. Qc6 Qxc6 36. Bxc6 Rc8 37. Bf3 h5 38. Ra1 Rb8 39. a5 bxa5 40. Nxc5 Bf7 41. Rxa5 Bf8 42. e6 Be8 43. Nd7 Rxb3 44. Ra8 1-0

[Event "Seniors-LEM-65 Sachsen-Anhalt 2024"]
[Site "Magdeburg"]
[Date "2024.07.03"]
[Round "3.12"]
[White "Poetke, Dan-Peter"]
[Black "Andersen, Knut"]
[Result "1/2-1/2"]
[ECO "A43"]
[WhiteElo "1968"]
[BlackElo "2104"]
[Annotator "RC"]
[PlyCount "39"]
[EventDate "2024.06.25"]
[EventType "swiss"]
[EventCountry "GER"]
[SourceTitle "playchess.com"]
[Source "ChessBase"]
[SourceQuality "1"]
[TimeControl "40/5400+30:1800+30"]

1. d4 Nf6 2. Nf3 c5 3. d5 e6 4. Nc3 exd5 5. Nxd5 Nxd5 6. Qxd5 Nc6 7. e4 d6 8. Ng5 Qf6 9. Bc4 Be7 10. Qxf7+ Qxf7 11. Bxf7+ Kf8 12. Bb3 Nd4 13. c3 Nxb3 14. axb3 h6 15. Nf3 Be6 16. c4 Bf6 17. Bf4 Ke7 18. e5 dxe5 19. Bxe5 Bg4 20. Kd2 1/2-1/2

[Event "Seniors-LEM-65 Sachsen-Anhalt 2024"]
[Site "Magdeburg"]
[Date "2024.07.03"]
[Round "3.13"]
[White "Mikolajewski, Armin"]
[Black "Waagener, Ulrich"]
[Result "0-1"]
[ECO "D46"]
[WhiteElo "1961"]
[BlackElo "2080"]
[Annotator "RC"]
[PlyCount "48"]
[EventDate "2024.06.25"]
[EventType "swiss"]
[EventCountry "GER"]
[SourceTitle "playchess.com"]
[Source "ChessBase"]
[SourceQuality "1"]
[TimeControl "40/5400+30:1800+30"]

1. d4 d5 2. c4 c6 3. e3 a6 4. Nf3 Nf6 5. Nc3 Nbd7 6. b3 e6 7. Bd3 Bd6 8. O-O e5 9. cxd5 cxd5 10. dxe5 Nxe5 11. Be2 Be6 12. h3 Rc8 13. Bb2 O-O 14. Rc1 Ng6 15. Ng5 Bb8 16. f4 Qb6 17. Qd2 Bxf4 18. Rxf4 Nxf4 19. Na4 Rxc1+ 20. Bxc1 Nxe2+ 21. Qxe2 Qd6 22. Bb2 Ne4 23. Nf3 Rc8 24. Nd2 f6 0-1

[Event "Seniors-LEM-65 Sachsen-Anhalt 2024"]
[Site "Magdeburg"]
[Date "2024.07.03"]
[Round "3.14"]
[White "Ruether, Rudolf"]
[Black "Heise, Juergen"]
[Result "1/2-1/2"]
[ECO "D36"]
[WhiteElo "2065"]
[BlackElo "1930"]
[Annotator "RC"]
[PlyCount "38"]
[EventDate "2024.06.25"]
[EventType "swiss"]
[EventCountry "GER"]
[SourceTitle "playchess.com"]
[Source "ChessBase"]
[SourceQuality "1"]
[TimeControl "40/5400+30:1800+30"]

1. d4 Nf6 2. c4 c6 3. Nf3 e6 4. Nc3 d5 5. cxd5 exd5 6. Qc2 Be7 7. Bg5 Nbd7 8. e3 Nf8 9. Bd3 Bg4 10. Ne5 Bh5 11. O-O N6d7 12. Bxe7 Qxe7 13. Nxd7 Qxd7 14. b4 Bg6 15. a4 Ne6 16. Rfc1 O-O 17. b5 Rac8 18. Bxg6 fxg6 19. Qb2 c5 1/2-1/2

[Event "Seniors-LEM-65 Sachsen-Anhalt 2024"]
[Site "Magdeburg"]
[Date "2024.07.03"]
[Round "3.15"]
[White "Krien, Hartmut"]
[Black "Krueger, Wolfgang"]
[Result "0-1"]
[ECO "B06"]
[WhiteElo "1928"]
[BlackElo "2054"]
[Annotator "NA RC"]
[PlyCount "78"]
[EventDate "2024.06.25"]
[EventType "swiss"]
[EventCountry "GER"]
[SourceTitle "playchess.com"]
[Source "ChessBase"]
[SourceQuality "1"]
[TimeControl "40/5400+30:1800+30"]

1. e4 c6 2. Nf3 g6 3. Bc4 d5 4. exd5 cxd5 5. Bb3 Bg7 6. d4 Bg4 7. h3 Bxf3 8. Qxf3 e6 9. c3 Nc6 10. Bf4 Nge7 11. Nd2 b5 12. O-O O-O 13. Qe2 b4 14. Bg5 Qb6 15. a3 bxc3 16. bxc3 Nf5 17. Ba4 Rfc8 18. Rfb1 Qa5 19. Qb5 Qxb5 20. Bxb5 Na5 21. Nb3 Nxb3 22. Rxb3 Nd6 23. Rab1 h6 24. Bd2 Ne4 25. Be1 g5 26. Ba6 Rc7 27. f3 Nxc3 28. Rb8+ Rxb8 29. Rxb8+ Kh7 30. Rb4 f5 31. a4 Kg6 32. Kf1 Bf8 33. Bxc3 Rxc3 34. Rb7 Bg7 35. Rb4 Rc2 36. Be2 Rd2 37. Ke1 Rxd4 38. Rxd4 Bxd4 39. a5 Bc3+ 0-1

[Event "Seniors-LEM-65 Sachsen-Anhalt 2024"]
[Site "Magdeburg"]
[Date "2024.07.03"]
[Round "3.17"]
[White "Bauer, Burkhard"]
[Black "Jacob, Barbara"]
[Result "1-0"]
[ECO "A10"]
[WhiteElo "2043"]
[BlackElo "1824"]
[Annotator "RC"]
[PlyCount "55"]
[EventDate "2024.06.25"]
[EventType "swiss"]
[EventCountry "GER"]
[SourceTitle "playchess.com"]
[Source "ChessBase"]
[SourceQuality "1"]
[TimeControl "40/5400+30:1800+30"]

1. c4 e6 2. Nc3 g6 3. g3 Bg7 4. Bg2 Ne7 5. Nf3 O-O 6. d4 h6 7. Bf4 d6 8. Qd2 Kh7 9. h4 f6 10. e4 Nbc6 11. Be3 b6 12. O-O-O Bb7 13. g4 a5 14. d5 exd5 15. exd5 Ne5 16. Nxe5 dxe5 17. f4 Qc8 18. Bh3 f5 19. Rdg1 Qd7 20. fxe5 Bxe5 21. Bxh6 Bxc3 22. bxc3 Rf7 23. Bg5 Re8 24. h5 gxh5 25. gxf5 Qd6 26. f6 Ng6 27. Bf5 Bc8 28. Rxh5+ 1-0

[Event "Seniors-LEM-65 Sachsen-Anhalt 2024"]
[Site "Magdeburg"]
[Date "2024.07.03"]
[Round "3.18"]
[White "Schulz, Hans-Werner"]
[Black "Kopp, Peter"]
[Result "1/2-1/2"]
[ECO "A46"]
[WhiteElo "1896"]
[BlackElo "2014"]
[Annotator "RC"]
[PlyCount "73"]
[EventDate "2024.06.25"]
[EventType "swiss"]
[EventCountry "GER"]
[SourceTitle "playchess.com"]
[Source "ChessBase"]
[SourceQuality "1"]
[TimeControl "40/5400+30:1800+30"]

1. d4 d6 2. Nf3 Nd7 3. g3 Ngf6 4. Bg2 e5 5. dxe5 dxe5 6. O-O Be7 7. b3 c6 8. Ba3 O-O 9. c4 Re8 10. Bxe7 Qxe7 11. Qc2 a5 12. Nc3 Nc5 13. Rfd1 g6 14. Nd2 Bf5 15. e4 Bg4 16. f3 Bc8 17. Nf1 Ne6 18. Qf2 Nd4 19. Rd2 Nd7 20. Na4 Nc5 21. Nb2 a4 22. b4 a3 23. bxc5 axb2 24. Rxb2 Qxc5 25. Ne3 Ra3 26. Re1 Qa5 27. Nc2 Rxa2 28. Rxa2 Qxa2 29. Nxd4 Qxf2+ 30. Kxf2 exd4 31. c5 Be6 32. Ra1 Rd8 33. Ke2 Bc4+ 34. Kd2 f5 35. f4 Ba6 36. exf5 gxf5 37. Bxc6 1/2-1/2

[Event "Seniors-LEM-65 Sachsen-Anhalt 2024"]
[Site "Magdeburg"]
[Date "2024.07.03"]
[Round "3.19"]
[White "Klettke, Wolfgang"]
[Black "Kynast, Reinhard"]
[Result "1-0"]
[ECO "B22"]
[WhiteElo "2008"]
[BlackElo "1901"]
[Annotator "NA RC"]
[PlyCount "99"]
[EventDate "2024.06.25"]
[EventType "swiss"]
[EventCountry "GER"]
[SourceTitle "playchess.com"]
[Source "ChessBase"]
[SourceQuality "1"]
[TimeControl "40/5400+30:1800+30"]

1. e4 c5 2. c3 Nf6 3. e5 Nd5 4. d4 cxd4 5. cxd4 d6 6. Nf3 Nc6 7. exd6 e6 8. Nc3 Nxc3 9. bxc3 Bxd6 10. Bd3 O-O 11. O-O b6 {[%emt 0:01:23] B22: Sicilian: 2 c3.} 12. Qe2 g6 13. h4 Re8 14. h5 Qc7 15. Ng5 Kg7 16. Qf3 Bb7 17. Ne4 Be7 18. Qe3 Kg8 {[%emt 0:08:56] [#]} (18... Kh8 {was called for.} 19. Re1 e5) 19. Qh6 $1 f5 20. hxg6 Bf8 21. Nf6+ Kh8 22. Nxe8 Rxe8 23. Qh5 Qg7 24. Qxh7+ Qxh7 25. gxh7 Kxh7 26. Re1 Nd8 27. Bxf5+ Kg7 28. Be4 Ba6 29. Bf4 Bc4 30. Re3 Kf6 31. Be5+ Kf7 32. f4 Bg7 33. Kf2 Rh8 34. Rh3 Rxh3 35. gxh3 Bh6 36. a4 a6 37. Ke3 Ke7 38. Rb1 b5 39. axb5 axb5 40. Ra1 Nf7 41. Ra7+ Kf8 42. Kf3 $18 Bb3 43. Bg6 Bd5+ 44. Kg3 Nxe5 45. dxe5 Kg8 46. Bd3 Bc6 47. Rc7 Be8 48. Rb7 Bc6 49. Rb8+ Kf7 50. Bxb5 1-0

[Event "Seniors-LEM-65 Sachsen-Anhalt 2024"]
[Site "Magdeburg"]
[Date "2024.07.03"]
[Round "3.20"]
[White "Schmieder, Siegfried"]
[Black "Waltenberger, Udo"]
[Result "0-1"]
[ECO "B23"]
[WhiteElo "1906"]
[BlackElo "1993"]
[Annotator "NA RC"]
[PlyCount "104"]
[EventDate "2024.06.25"]
[EventType "swiss"]
[EventCountry "GER"]
[SourceTitle "playchess.com"]
[Source "ChessBase"]
[SourceQuality "1"]
[TimeControl "40/5400+30:1800+30"]

1. e4 c5 2. Nc3 Nc6 3. Bb5 g6 4. Bxc6 bxc6 5. d3 Bg7 6. f4 d6 7. Nf3 Nf6 8. O-O O-O 9. Bd2 Rb8 10. Rb1 Ne8 11. Qe1 Nc7 {[%emt 0:00:34] B23: Closed Sicilian: Lines without g3.} 12. Kh1 Nb5 13. Ne2 Nd4 14. Nfxd4 cxd4 15. Ng3 e5 16. f5 Qh4 17. Qc1 Qe7 18. Bh6 f6 19. h4 Bxh6 20. Qxh6 Qg7 21. Qd2 Bd7 22. Rf3 Rb7 23. Qf2 (23. b3 $11 {keeps the balance.}) 23... Be8 ({Better is} 23... Qh6 $17 24. h5 g5 (24... gxh5 25. Nf1 $17)) 24. b3 Qh6 25. Nf1 {[%emt 0:01:41] [#]} g5 (25... gxf5 $1 $17 26. Rg3+ Kh8 27. Qxf5 Bd7 (27... Qxh4+ 28. Kg1 $17)) 26. g4 Qxh4+ 27. Qxh4 gxh4 28. Rh3 Rg7 29. Rxh4 Rg5 30. Nh2 h5 31. Rg1 Kg7 $1 32. Nf3 Rxg4 33. Rhxg4+ hxg4 34. Rxg4+ Kh6 35. Rh4+ (35. Rg2 $11) 35... Bh5 36. Kh2 Rg8 37. Kh3 Rg7 38. Kh2 Rg4 39. Rxg4 Bxg4 40. Kg3 $17 Bh5 41. b4 Bf7 42. a3 d5 43. Nd2 Kg7 44. Kf2 Kf8 45. Ke1 Ke7 46. Nf3 dxe4 47. dxe4 Kd6 48. Kd2 c5 49. c3 Bh5 50. Ne1 c4 51. cxd4 exd4 52. Nc2 Ke5 0-1

[Event "Seniors-LEM-65 Sachsen-Anhalt 2024"]
[Site "Magdeburg"]
[Date "2024.07.03"]
[Round "3.21"]
[White "Stummeyer, Dieter"]
[Black "Schmidt, Gerhard"]
[Result "1/2-1/2"]
[ECO "B03"]
[WhiteElo "1884"]
[BlackElo "2112"]
[Annotator "RC"]
[PlyCount "81"]
[EventDate "2024.06.25"]
[EventType "swiss"]
[EventCountry "GER"]
[SourceTitle "playchess.com"]
[Source "ChessBase"]
[SourceQuality "1"]
[TimeControl "40/5400+30:1800+30"]

1. e4 Nf6 2. e5 Nd5 3. c4 Nb6 4. d4 d6 5. f4 dxe5 6. fxe5 c5 7. d5 e6 8. Nc3 exd5 9. cxd5 c4 10. Nf3 Bb4 11. Bxc4 Nxc4 12. Qa4+ Nd7 13. Qxb4 Ncxe5 14. O-O f6 15. Be3 a5 16. Qd4 O-O 17. Rac1 Nxf3+ 18. Rxf3 Ne5 19. Rff1 Bd7 20. Bf4 Ng6 21. Bg3 Re8 22. Ne4 Bb5 23. Rfe1 Ne5 24. Nc3 Ba6 25. Bxe5 fxe5 26. Rxe5 Rxe5 27. Qxe5 Qb6+ 28. Kh1 Qxb2 29. Re1 Rf8 30. Qe6+ Kh8 31. Ne4 h6 32. Qe7 Kg8 33. Qe6+ Kh8 34. d6 Qe2 35. Ng3 Qxe6 36. Rxe6 Rd8 37. Nf5 Bc4 38. Re7 Kg8 39. Rxg7+ Kf8 40. Rxb7 Be6 41. Nd4 1/2-1/2

[Event "Seniors-LEM-65 Sachsen-Anhalt 2024"]
[Site "Magdeburg"]
[Date "2024.07.03"]
[Round "3.22"]
[White "Krueger, Erich"]
[Black "Gagelmann, Andreas"]
[Result "1-0"]
[ECO "A52"]
[WhiteElo "2095"]
[BlackElo "1883"]
[Annotator "NA RC"]
[PlyCount "109"]
[EventDate "2024.06.25"]
[EventType "swiss"]
[EventCountry "GER"]
[SourceTitle "playchess.com"]
[Source "ChessBase"]
[SourceQuality "1"]
[TimeControl "40/5400+30:1800+30"]

1. d4 Nf6 2. c4 e5 3. dxe5 Ng4 4. Bf4 g5 5. Bg3 Bg7 6. Nf3 Nc6 7. h4 Ngxe5 {[%emt 0:02:03] A52: Budapest Gambit.} 8. Nxe5 Nxe5 9. e3 d6 10. hxg5 Bg4 11. Qc2 Qxg5 12. Nc3 O-O-O 13. Be2 Bxe2 14. Qxe2 Rde8 15. O-O-O Ng4 (15... h5 $11) 16. Nd5 Kb8 $2 (16... Nf6 $14) 17. Rh4 Nf6 18. Nxf6 Qxf6 19. Rf4 ({White should play} 19. Rd5 $14) 19... Qg6 (19... Qe6 $1 $11) 20. Rg4 Qh5 21. Qf3 Be5 22. Bxe5 Rxe5 23. Qg3 ({White should play} 23. Rf4 $16) 23... Rhe8 24. Rg8 (24. Rdd4 $14) 24... Qe2 25. Rxe8+ Rxe8 26. Qf4 $11 Qh5 27. Rd5 Qh1+ 28. Kc2 Qxg2 29. Qxf7 Qe4+ 30. Kc3 b6 31. Rh5 Re7 32. Qg8+ Kb7 33. Qd5+ Qxd5 34. cxd5 Kc8 35. Kd4 Kd7 36. e4 c6 37. dxc6+ Kxc6 38. f4 Rf7 39. f5 Re7 40. f6 Rf7 41. e5 dxe5+ 42. Kxe5 Kd7 43. Rh3 Ke8 44. Rg3 Kf8 45. Rc3 Kg8 46. Ke6 h5 47. Rc8+ Rf8 48. Rc7 h4 49. Rg7+ Kh8 50. Rg4 Rc8 51. Rxh4+ Kg8 52. f7+ Kg7 53. Rg4+ Kh7 54. Kd7 Rb8 55. Ke7 1-0

[Event "Seniors-LEM-65 Sachsen-Anhalt 2024"]
[Site "Magdeburg"]
[Date "2024.07.03"]
[Round "3.23"]
[White "Barten, Ralf"]
[Black "Cordes, Lothar"]
[Result "0-1"]
[ECO "D13"]
[WhiteElo "1970"]
[BlackElo "1858"]
[Annotator "NA RC"]
[PlyCount "92"]
[EventDate "2024.06.25"]
[EventType "swiss"]
[EventCountry "GER"]
[SourceTitle "playchess.com"]
[Source "ChessBase"]
[SourceQuality "1"]
[TimeControl "40/5400+30:1800+30"]

1. Nf3 d5 2. d4 Nf6 3. c4 c6 4. Nc3 Bf5 5. cxd5 cxd5 6. Qb3 Bc8 7. Bg5 {[%emt 0:02:38] D13: Slav Defence: Exchange variation without ...Bf5.} e6 8. e3 Be7 9. Bb5+ Nc6 10. Ne5 Bd7 11. Nxd7 Qxd7 12. Qa4 O-O 13. Bxc6 bxc6 14. O-O Qb7 15. Qc2 c5 16. dxc5 Bxc5 17. Rac1 Be7 18. Qe2 Rfc8 19. Rc2 Rc6 20. Rfc1 Rac8 21. Qd3 Qb4 (21... h6 $15 {feels stronger.} 22. Bh4 Kf8) 22. g3 Qc4 23. Qxc4 Rxc4 24. Rd1 Bb4 25. Bxf6 gxf6 26. Rd3 $1 R8c5 (26... f5 $15) 27. Kf1 e5 28. Rcd2 Bxc3 29. bxc3 Ra4 30. Rxd5 Rxd5 31. Rxd5 Rxa2 32. Rd8+ Kg7 33. c4 a5 34. Ra8 Rc2 35. Rxa5 Rxc4 36. Kg2 Rb4 37. h3 Rc4 38. Kf3 $11 Kg6 39. Ra8 f5 40. Rg8+ Kf6 41. Ra8 h5 42. Rh8 Kg6 43. h4 e4+ 44. Kf4 Rc2 45. Rg8+ Kf6 46. f3 Rf2 0-1